 Dungeon Crawl Stone Soup version 0.21-a0-504-g2eda330 (webtiles) character file.

18 slep the Skirmisher (level 2, -6/24 HPs)
             Began as a Demonspawn Monk on Nov 26, 2017.
             Mangled by a gnoll
             ... wielding a +0 spear
              (7 damage)
             ... on level 1 of the Dungeon.
             The game lasted 00:01:25 (204 turns).

slep the Skirmisher (Demonspawn Monk)                Turns: 204, Time: 00:01:26

Health: -6/24      AC:  3    Str: 11    XL:     2   Next: 48%
Magic:  2/2        EV: 13    Int: 11    God:
Gold:   6          SH:  0    Dex: 15    Spells: 1/1 levels left

rFire    . . .     SeeInvis .   a - +0 spear
rCold    . . .     Gourm    .   (no shield)
rNeg     . . .     Faith    .   h - +0 leather armour (curse)
rPois    .         Spirit   .   (helmet restricted)
rElec    .         Reflect  .   (no cloak)
rCorr    .         Harm     .   (no gloves)
MR       .....                  (no boots)
Stlth    ++........             (no amulet)
HPRegen  0.08/turn              (no ring)
MPRegen  0.08/turn              (no ring)

@: no status effects
A: antennae 1
a: no special abilities


You were on level 1 of the Dungeon.
You were not hungry.

You visited 1 branch of the dungeon, and saw 1 of its levels.

You collected 6 gold pieces.

Inventory:

Hand Weapons
 a - a +0 spear (weapon)
Armour
 b - a +0 robe
 h - a cursed +0 leather armour (worn)
Potions
 d - 2 potions of curing {unknown}
 e - a potion of magic {unknown}
Comestibles
 c - a bread ration
 f - a royal jelly
 g - 4 fruits


   Skills:
 + Level 3.3 Fighting
 + Level 3.0 Polearms
 + Level 3.0 Dodging
 + Level 1.8 Stealth


You had one spell level left.
You didn't know any spells.

Dungeon Overview and Level Annotations

Branches:
Dungeon (1/15)

Altars:


Innate Abilities, Weirdness & Mutations

You have a pair of small antennae on your head.


Message History

Attack whom?
Press: ? - help, Dir - move target cursor, f/p - gnoll
Aim: a gnoll, wielding a spear (heavily wounded)
You reach to attack!
You completely miss the gnoll.
The gnoll is heavily wounded.
The gnoll barely misses you.
Attack whom?
Press: ? - help, Dir - move target cursor, f/p - gnoll
Aim: a gnoll, wielding a spear (heavily wounded)
You reach to attack!
You hit the gnoll.
The gnoll is heavily wounded.
The gnoll hits you from afar with a spear.
* * * LOW HITPOINT WARNING * * *
Attack whom?
Press: ? - help, Dir - move target cursor, f/p - gnoll
Aim: a gnoll, wielding a spear (heavily wounded)
You reach to attack!
You hit the gnoll.
The gnoll is severely wounded.
The gnoll hits you from afar with a spear!
You die...

#. ....#..## #.####
#.....##
#....######....).##
#.................(
#...⌠.###.#.##..###
#.....# # ##.#.##
#g....# ##..# #.#
># ##'##
#@##.###.###...##
#........##.....##
###..#####.......#
##...####.........
#.......+.........
##...####.........
##..# ##.......#
####.# ##.....##
#....# ##...##


You could see a gnoll.

Vanquished Creatures
  An ooze (D:1)
  A dart slug (D:1)
  A leopard gecko (D:1)
  2 giant cockroaches (D:1)
  A goblin (D:1)
  A hobgoblin (D:1)
  2 kobolds (D:1)
  A bat (D:1)
10 creatures vanquished.

Notes
Turn   | Place    | Note
-------+----------+-------------------------------------------
     0 | D:1      | slep the Demonspawn Monk began the quest for the Orb.
     0 | D:1      | Reached XP level 1. HP: 18/18 MP: 1/1
    55 | D:1      | Gained mutation: You have a pair of small antennae on your head. [demonic ancestry]
    55 | D:1      | Reached XP level 2. HP: 15/24 MP: 2/2
   203 | D:1      | HP: 1/24 [gnoll/spear (4)]
   204 | D:1      | Mangled by a gnoll

Vault maps used:
D:1:      minmay_arrival_shattered_statue, hangedman_feature_mirror,
          grunt_decor_clamped

Skill      XL: |  1  2 |
---------------+-------+-----
Dodging        | 3 |  3.0
Polearms       | 3 |  3.0
Fighting       | |  3.3
Stealth        | |  1.8

Action                   || total
-------------------------++-------
Melee: Spear             ||    49
Armor: Robe              ||     1
Dodge: Dodged            ||    33

Table legend:
 A = Spawn XP
 B = Non-spawn XP
 C = Spawn XP percentage of total XP
 D = Spawn monster count
 E = Non-spawn monster count
 F = Spawn count percentage of total count
 G = Total turns spent on level
                    A         B        C        D         E        F      G
               +---------+---------+-------+---------+---------+-------+---------
         Total |       0 |      26 |   0.0 |       0 |      10 |   0.0 |   204
               +---------+---------+-------+---------+---------+-------+---------
           D:1 |       0 |      26 |   0.0 |       0 |      10 |   0.0 |   204
               +---------+---------+-------+---------+---------+-------+---------
